 Dungeon Crawl Stone Soup version 0.29-a0-509-g793eeb5391 (webtiles) character file.

Game seed: 7843668311300976921

10 Morbidden the Conjurer (level 2, 0/19 HPs)
             Began as a Demonspawn Conjurer on May 29, 2022.
             Slain by a goblin
             ... wielding a +0 club
              (3 damage)
             ... on level 1 of the Dungeon.
             The game lasted 00:00:52 (440 turns).

Morbidden the Conjurer (Demonspawn Conjurer)         Turns: 440, Time: 00:00:52

Health: 0/19       AC:  2    Str:  7    XL:     2   Next: 10%
Magic:  0/5        EV: 12    Int: 19    God:
Gold:   0          SH:  0    Dex: 11    Spells: 4/5 levels left

rFire   . . .      SeeInvis .   (no weapon)
rCold   . . .      Faith    .   (no shield)
rNeg    . . .      Spirit   .   a - +0 robe
rPois   .          Reflect  .   (no helmet)
rElec   .          Harm     .   (no cloak)
rCorr   .          Rampage  .   (no gloves)
Will    .....                   (no boots)
Stlth   ++........              (no amulet)
HPRegen 0.06/turn               (no ring)
MPRegen 0.09/turn               (no ring)

@: very slightly contaminated
A: demonic touch 1
a: no special abilities


You were on level 1 of the Dungeon.
You visited 1 branch of the dungeon, and saw 1 of its levels.

Inventory:

Missiles
 c - 5 curare-tipped darts (quivered)
Armour
 a - a +0 robe (worn)
Potions
 b - a potion of magic


   Skills:
 * Level 1.7 Dodging
 + Level 1.7 Stealth
 * Level 2.1 Spellcasting
 * Level 4.4 Conjurations


You had 4 spell levels left.
You knew the following spells:

 Your Spells              Type           Power      Damage    Failure   Level
a - Magic Dart            Conj           72%        1d6       2%          1

Your spell library contained the following spells:

 Spells                   Type           Power      Damage    Failure   Level
 Searing Ray              Conj           36%        2d5       4%          2
 Dazzling Flash           Conj/Hex       20%        N/A       21%         3
 Fulminant Prism          Conj/Hex       5%         3d7       54%         4
 Iskenderun's Mystic Bla  Conj/Tloc      10%        2d4       54%         4


Dungeon Overview and Level Annotations

Branches:
Dungeon (1/15)

Altars:


Innate Abilities, Weirdness & Mutations

Your touch may inflict minor irresistible damage on your foes.


Message History

A ball python is nearby!
An endoplasm and a goblin come into view.
Found 2 pink potions.
The goblin shouts!
You hear a shout!
The ball python bites you. The ball python grabs you.
The ball python constricts you.
A kobold comes into view. It is wielding a +0 dagger.
The ball python bites you. The ball python constricts you.
The kobold shouts!
You hit the ball python.
The ball python is severely wounded.
The ball python closely misses you. The ball python constricts you.
You barely miss the ball python.
You touch the ball python.
You kill the ball python!
A goblin comes into view. It is wielding a +0 dagger.
The endoplasm closely misses you.
You closely miss the goblin. Your touch misses the goblin.
The endoplasm hits you. The goblin hits you with a +0 club.
Unknown command.
Unknown command.
The endoplasm attacks as you move away! The endoplasm misses you.
You see here a ball python corpse.
Unknown command.
The endoplasm attacks as you move away!
The endoplasm hits you but does no damage.
The endoplasm attacks as you move away! The endoplasm hits you.
* * * LOW HITPOINT WARNING * * *
The goblin attacks as you move away! The goblin hits you with a +0 club.
* * * LOW HITPOINT WARNING * * *
You see here 19 stones.
Unknown command.
Casting: Magic Dart (safe; 2% risk of failure)
Confirm with . or Enter, or press ? or * to list all spells.
Aiming: Magic Dart (safe; 2% risk of failure)
Press: ? - help, Shift-Dir - straight line, f - endoplasm
Aim: an endoplasm (100% to hit)
You miscast Magic Dart.
You are very lightly contaminated with residual magic.
Nothing appears to happen.
The goblin hits you with a +0 club.
You die...

#........... #...........
#.>......... #
#........... ..
#........... #.
#...#..#..#. #.##
####.>.........
##..#######....##########
#.....Kg@[..........#
####......J............#
....................>.^#
###....................#
#....g.†...............#
#.............÷........#
........................#
..#.#†........♣♣♣♣......#
#..##.##.#.♣♣ ♣.#.####


You could see an endoplasm, 2 goblins and a kobold.

Vanquished Creatures
  A dart slug (D:1)
  An endoplasm (D:1)
  2 hobgoblins (D:1)
  A quokka (D:1)
  A ball python (D:1)
  2 rats (D:1)
8 creatures vanquished.

Notes
Turn   | Place    | Note
-------+----------+-------------------------------------------
     0 | D:1      | Morbidden the Demonspawn Conjurer began the quest for the
                  | Orb.
     0 | D:1      | Reached XP level 1. HP: 13/13 MP: 3/3
   380 | D:1      | Gained mutation: Your touch may inflict minor irresistible
                  | damage on your foes. [demonic ancestry]
   380 | D:1      | Reached XP level 2. HP: 19/19 MP: 1/5
   440 | D:1      | Slain by a goblin

Illustrated notes

Levels and vault maps discovered:
D:1:      lemuel_arrival_broad_hall, layout_rooms, nrook_campfire

Action                   || total
-------------------------++-------
Melee: Unarmed           ||    17
       Punch             ||     1
       Touch             ||     1
 Cast: Magic Dart        ||    17
Armor: Robe              ||     4
Dodge: Dodged            ||     5

Table legend: (Time is in decaauts)
 A = Elapsed time spent in this place.
 B = Non-inter-level travel time spent in this place.
 C = Inter-level travel time spent in this place.
 D = Time resting spent in this place.
 E = Time spent auto-exploring this place.
 F = Levels seen in this place.
 G = Mean time per level.
                   A        B        C        D        E       F      G
               +--------+--------+--------+--------+--------+-----+--------+
         Total |    440 |    440 |      0 |    228 |    127 |   1 |  440.0 |
       Dungeon |    440 |    440 |      0 |    228 |    127 |   1 |  440.0 |
               +--------+--------+--------+--------+--------+-----+--------+

Top non-repeatable levels by time:
     D:1: 440 daAuts
